3L
THUNDER BAY NORTHERN LIONS BC @ HARTFORD WHALERS
09/14/2020
 
TOP OF THE 1ST
Thunder Bay Northern Lions BC batting - Pitching for Hartford Whalers : RHP Floyd MacFadden
Pitching: RHP Floyd MacFadden
Batting: LHB John Brewer 0-0: Called Strike
0-1: Ball
1-1: Ball
2-1: Ground out 4-3 (Groundball, 4)
Batting: SHB Arnold Griffith 0-0: Ball
1-0: Ball
2-0: Foul Ball, location: 2F
2-1: Swinging Strike
2-2: Strikes out swinging
Batting: RHB Fernando Castro 0-0: Ball
1-0: Called Strike
1-1: Ball
2-1: Ground out 5-3 (Groundball, 5S)
Top of the 1st over - 0 run(s), 0 hit(s), 0 error(s), 0 left on base; Thunder Bay 0 - Hartford 0
BOTTOM OF THE 1ST
Hartford Whalers batting - Pitching for Thunder Bay Northern Lions BC : RHP Darryl Gordon
Pitching: RHP Darryl Gordon
Batting: LHB Norm Ortega 0-0: Called Strike
0-1: Ball
1-1: Ball
2-1: Swinging Strike
2-2: Strikes out swinging
Batting: RHB Michael Collins 0-0: Ball
1-0: Fly out, F3 (Popup, 34D)
Batting: LHB César Durán 0-0: Foul Ball, location: 2F
0-1: Called Strike
0-2: SOLO HOME RUN (Flyball, 8RXD), Distance : 436 ft
Batting: RHB Nate Cates 0-0: Called Strike
0-1: Called Strike
0-2: Ground out 5-3 (Groundball, 5)
Bottom of the 1st over - 1 run(s), 1 hit(s), 0 error(s), 0 left on base; Thunder Bay 0 - Hartford 1
TOP OF THE 2ND
Thunder Bay Northern Lions BC batting - Pitching for Hartford Whalers : RHP Floyd MacFadden
Batting: LHB David Smith 0-0: Ball
1-0: Ball
2-0: Ball
3-0: Base on Balls
Batting: RHB Robert O'Connor 0-0: Foul Ball, location: 2F
0-1: Foul Ball, location: 2F
0-2: Ball
1-2: Foul Ball, location: 2F
1-2: DOUBLE (Line Drive, 7LS)
David Smith to third
Batting: LHB Cristo Nieto 0-0: Called Strike
0-1: Fly out, F8 (Flyball, 8RD)
Runner from 3rd tags up, SCORES, no throw
Batting: RHB Ramiro Rico 0-0: Ball
1-0: Called Strike
1-1: Ball
2-1: Foul Ball, location: 2F
2-2: Ball
3-2: SINGLE (Line Drive, 4M)
Robert O'Connor to third
Runner from 3rd tries for Home, SAFE, throw made home
Ramiro Rico to second
Batting: RHB Darryl Gordon 0-0: Called Strike
0-1: Called Strike
0-2: Ball
1-2: Ball
2-2: Strikes out swinging
Batting: RHB Taroemon Watanabe 0-0: Ball
1-0: Ball
2-0: Swinging Strike
2-1: Fly out, F7 (Flyball, 7S)
Top of the 2nd over - 2 run(s), 2 hit(s), 0 error(s), 1 left on base; Thunder Bay 2 - Hartford 1
BOTTOM OF THE 2ND
Hartford Whalers batting - Pitching for Thunder Bay Northern Lions BC : RHP Darryl Gordon
Batting: RHB Russell Jackson 0-0: Ball
1-0: Called Strike
1-1: Ball
2-1: Ground out 6-3 (Groundball, 6)
Batting: LHB José Marín 0-0: Ball
1-0: Called Strike
1-1: Ball
2-1: Ball
3-1: Foul Ball, location: 2F
3-2: Foul Ball, location: 2F
3-2: Foul Ball, location: 2F
3-2: Ground out 4-3 (Groundball, 4)
Batting: LHB Gerald Holloway 0-0: Ground out 4-3 (Groundball, 4)
Bottom of the 2nd over - 0 run(s), 0 hit(s), 0 error(s), 0 left on base; Thunder Bay 2 - Hartford 1
TOP OF THE 3RD
Thunder Bay Northern Lions BC batting - Pitching for Hartford Whalers : RHP Floyd MacFadden
Batting: LHB John Brewer 0-0: Fly out, F9 (Flyball, 9M)
Batting: SHB Arnold Griffith 0-0: Ball
1-0: Ball
2-0: Ball
3-0: Called Strike
3-1: Swinging Strike
3-2: Base on Balls
Batting: RHB Fernando Castro 0-0: SINGLE (Line Drive, 4MD)
Arnold Griffith to second
Batting: LHB David Smith 0-0: Foul Ball, location: 2F
0-1: Ball
1-1: Swinging Strike
1-2: Foul Ball, location: 2F
1-2: Foul Ball, location: 2F
1-2: Strikes out swinging
Batting: RHB Robert O'Connor 0-0: Hit by Pitch
Arnold Griffith to third
Fernando Castro to second
Batting: LHB Cristo Nieto 0-0: Ball
1-0: Called Strike
1-1: Ball
2-1: Ball
3-1: Base on Balls
Arnold Griffith scores
Fernando Castro to third
Robert O'Connor to second
Batting: RHB Ramiro Rico 0-0: Ball
1-0: Ball
2-0: Ball
3-0: Foul Ball, location: 2F
3-1: SINGLE (Groundball, 6M)
Fernando Castro scores
Robert O'Connor to third
Cristo Nieto to second
Runner from 3rd tries for Home, throw and OUT!
Top of the 3rd over - 2 run(s), 2 hit(s), 0 error(s), 2 left on base; Thunder Bay 4 - Hartford 1
BOTTOM OF THE 3RD
Hartford Whalers batting - Pitching for Thunder Bay Northern Lions BC : RHP Darryl Gordon
Batting: RHB Mike Brown 0-0: Called Strike
0-1: Called Strike
0-2: Ball
1-2: Ball
2-2: Foul Ball, location: 2F
2-2: Ball
3-2: Ground out 6-3 (Groundball, 6)
Batting: RHB Floyd MacFadden 0-0: Swinging Strike
0-1: Called Strike
0-2: Foul Ball, location: 2F
0-2: Ball
1-2: Strikes out swinging, 2-3 out at first.
Batting: LHB Norm Ortega 0-0: Ball
1-0: Called Strike
1-1: Ground out 4-3 (Groundball, 34)
Bottom of the 3rd over - 0 run(s), 0 hit(s), 0 error(s), 0 left on base; Thunder Bay 4 - Hartford 1
TOP OF THE 4TH
Thunder Bay Northern Lions BC batting - Pitching for Hartford Whalers : RHP Floyd MacFadden
Batting: RHB Darryl Gordon 0-0: Ball
1-0: Called Strike
1-1: Called Strike
1-2: Ball
2-2: Ball
3-2: SINGLE (Line Drive, 6D)
Batting: RHB Taroemon Watanabe 0-0: Fielders Choice at 2nd, 5-4 (Groundball, 56)
Batting: LHB John Brewer 0-0: Called Strike
0-1: Swinging Strike
0-2: Ball
1-2: Strikes out swinging
Batting: SHB Arnold Griffith 0-0: Called Strike
0-1: Called Strike
0-2: Ball
1-2: Ball
2-2: Ball
3-2: Foul Ball, location: 2F
3-2: Ground out 6-3 (Groundball, 6)
Top of the 4th over - 0 run(s), 1 hit(s), 0 error(s), 1 left on base; Thunder Bay 4 - Hartford 1
BOTTOM OF THE 4TH
Hartford Whalers batting - Pitching for Thunder Bay Northern Lions BC : RHP Darryl Gordon
Batting: RHB Michael Collins 0-0: Ball
1-0: SINGLE (Groundball, 56D)
Batting: LHB César Durán 0-0: Swinging Strike
0-1: Ball
1-1: Ball
2-1: Ball
3-1: Foul Ball, location: 2F
3-2: Foul Ball, location: 2F
3-2: Base on Balls
Michael Collins to second
Batting: RHB Nate Cates 0-0: Ball
1-0: Called Strike
1-1: Foul Ball, location: 2F
1-2: Ball
2-2: Ball
3-2: Base on Balls
Michael Collins to third
César Durán to second
Batting: RHB Russell Jackson 0-0: Ball
1-0: Grounds into double play, 6-4-3 (Groundball, 6)
Michael Collins scores
César Durán to third
Batting: LHB José Marín 0-0: Called Strike
0-1: Swinging Strike
0-2: Ball
1-2: Ball
2-2: Ball
3-2: Base on Balls
Batting: LHB Gerald Holloway 0-0: Ball
1-0: Ball
2-0: Ball
3-0: Base on Balls
José Marín to second
Batting: RHB Mike Brown 0-0: Called Strike
0-1: Fly out, F3 (Popup, 3SF)
Bottom of the 4th over - 1 run(s), 1 hit(s), 0 error(s), 3 left on base; Thunder Bay 4 - Hartford 2
TOP OF THE 5TH
Thunder Bay Northern Lions BC batting - Pitching for Hartford Whalers : RHP Floyd MacFadden
Batting: RHB Fernando Castro 0-0: Called Strike
0-1: Ball
1-1: Swinging Strike
1-2: SINGLE (Groundball, 6MD) (infield hit)
Batting: LHB David Smith 0-0: Grounds into double play, 4-6-3 (Groundball, 4)
Batting: RHB Robert O'Connor 0-0: Ball
1-0: Ball
2-0: Called Strike
2-1: Called Strike
2-2: Ball
3-2: SOLO HOME RUN (Flyball, 7D), Distance : 380 ft
Batting: LHB Cristo Nieto 0-0: Foul Ball, location: 2F
0-1: Swinging Strike
0-2: Ball
1-2: Strikes out swinging
Top of the 5th over - 1 run(s), 2 hit(s), 0 error(s), 0 left on base; Thunder Bay 5 - Hartford 2
BOTTOM OF THE 5TH
Hartford Whalers batting - Pitching for Thunder Bay Northern Lions BC : RHP Darryl Gordon
Pinch Hitting: RHB Javier Díaz 0-0: Fly out, F8 (Flyball, 8LM)
Batting: LHB Norm Ortega 0-0: Fly out, F9 (Flyball, 89M)
Batting: RHB Michael Collins 0-0: Ball
1-0: Ball
2-0: Ball
3-0: Base on Balls
Batting: LHB César Durán 0-0: Ball
1-0: Ground out U3 (Groundball, 3)
Bottom of the 5th over - 0 run(s), 0 hit(s), 0 error(s), 1 left on base; Thunder Bay 5 - Hartford 2
TOP OF THE 6TH
Thunder Bay Northern Lions BC batting - Pitching for Hartford Whalers : RHP Floyd MacFadden
Pitching: RHP Matt Harris
Batting: RHB Ramiro Rico 0-0: Foul Ball, location: 2F
0-1: Foul Ball, location: 2F
0-2: Ball
1-2: Ground out 4-3 (Groundball, 4M)
Batting: RHB Darryl Gordon 0-0: Ball
1-0: Foul Ball, location: 2F
1-1: Foul Ball, location: 2F
1-2: SINGLE (Groundball, 56D)
Batting: RHB Taroemon Watanabe 0-0: Fly out, F9 (Flyball, 89S)
Batting: LHB John Brewer 0-0: Ball
1-0: Called Strike
1-1: Swinging Strike
1-2: Fly out, F9 (Flyball, 9LM)
Top of the 6th over - 0 run(s), 1 hit(s), 0 error(s), 1 left on base; Thunder Bay 5 - Hartford 2
BOTTOM OF THE 6TH
Hartford Whalers batting - Pitching for Thunder Bay Northern Lions BC : RHP Darryl Gordon
Batting: RHB Nate Cates 0-0: Fly out, F9 (Flyball, 9D)
Batting: RHB Russell Jackson 0-0: Foul Ball, location: 2F
0-1: Foul Ball, location: 2F
0-2: Strikes out swinging
Batting: LHB José Marín 0-0: SOLO HOME RUN (Flyball, 89XD), Distance : 422 ft
Batting: LHB Gerald Holloway 0-0: Called Strike
0-1: Ball
1-1: Swinging Strike
1-2: Strikes out swinging
Bottom of the 6th over - 1 run(s), 1 hit(s), 0 error(s), 0 left on base; Thunder Bay 5 - Hartford 3
TOP OF THE 7TH
Thunder Bay Northern Lions BC batting - Pitching for Hartford Whalers : RHP Matt Harris
Batting: SHB Arnold Griffith 0-0: Ball
1-0: Called Strike
1-1: Ball
2-1: Ball
3-1: Base on Balls
Batting: RHB Fernando Castro 0-0: Ball
1-0: Called Strike
1-1: Swinging Strike
1-2: Strikes out swinging
Batting: LHB David Smith 0-0: Ball
1-0: Ball
2-0: Swinging Strike
2-1: Ball
3-1: Fly out, F8 (Line Drive, 8RD)
Now in CF: Román Centena
Batting: RHB Robert O'Connor 0-0: Called Strike
0-1: Called Strike
0-2: Strikes out swinging
Top of the 7th over - 0 run(s), 0 hit(s), 0 error(s), 1 left on base; Thunder Bay 5 - Hartford 3
BOTTOM OF THE 7TH
Hartford Whalers batting - Pitching for Thunder Bay Northern Lions BC : RHP Darryl Gordon
Batting: RHB Mike Brown 0-0: Called Strike
0-1: Foul Ball, location: 2F
0-2: Ball
1-2: SOLO HOME RUN (Line Drive, 78XD), Distance : 431 ft
Pinch Hitting: RHB Akahele Kimokeo 0-0: Ball
1-0: Called Strike
1-1: Ball
2-1: Foul Ball, location: 2F
2-2: Ball
3-2: Strikes out looking
Batting: LHB Norm Ortega 0-0: Ground out 4-3 (Groundball, 4)
Batting: RHB Román Centena 0-0: Ball
1-0: Ball
2-0: Foul Ball, location: 2F
2-1: Fly out, F4 (Popup, 34)
Bottom of the 7th over - 1 run(s), 1 hit(s), 0 error(s), 0 left on base; Thunder Bay 5 - Hartford 4
TOP OF THE 8TH
Thunder Bay Northern Lions BC batting - Pitching for Hartford Whalers : RHP Matt Harris
Pitching: RHP Dave Parrish
Batting: LHB Cristo Nieto 0-0: Called Strike
0-1: Ball
1-1: Ball
2-1: Ball
3-1: Base on Balls
Batting: RHB Ramiro Rico 0-0: Sac Bunt - play at second, runner OUT -> throw to first, DP!
Pinch Hitting: LHB Michael Smith 0-0: Foul Ball, location: 2F
0-1: Called Strike
0-2: Strikes out swinging
Top of the 8th over - 0 run(s), 0 hit(s), 0 error(s), 0 left on base; Thunder Bay 5 - Hartford 4
BOTTOM OF THE 8TH
Hartford Whalers batting - Pitching for Thunder Bay Northern Lions BC : RHP Darryl Gordon
Pitching: RHP Roderick Draper
Batting: LHB César Durán 0-0: Foul Ball, location: 2F
0-1: Ball
1-1: SINGLE (Line Drive, 6D)
Pitching: RHP Curt Clarke
Batting: RHB Nate Cates 0-0: Called Strike
0-1: Ball
1-1: Ball
2-1: Swinging Strike
2-2: Strikes out swinging
Batting: RHB Russell Jackson 0-0: Ground out 5-3 (Groundball, 5S)
César Durán to second
Batting: LHB José Marín 0-0: Swinging Strike
0-1: Ball
1-1: Ball
2-1: Fly out, F8 (Line Drive, 8RM)
Bottom of the 8th over - 0 run(s), 1 hit(s), 0 error(s), 1 left on base; Thunder Bay 5 - Hartford 4
TOP OF THE 9TH
Thunder Bay Northern Lions BC batting - Pitching for Hartford Whalers : RHP Dave Parrish
Batting: RHB Taroemon Watanabe 0-0: Ball
1-0: Swinging Strike
1-1: Fly out, F2 (Popup, 2LF)
Batting: LHB John Brewer 0-0: Called Strike
0-1: Called Strike
0-2: Foul Ball, location: 2F
0-2: Ground out U3 (Groundball, 3)
Batting: SHB Arnold Griffith 0-0: Ball
1-0: SINGLE (Groundball, 34D) (infield hit)
Pinch Hitting: LHB Keith Bridges 0-0: Foul Ball, location: 2F
0-1: Ball
1-1: Called Strike
1-2: Foul Ball, location: 2F
1-2: Ball
2-2: Ground out 1-3 (Groundball, 13)
Top of the 9th over - 0 run(s), 1 hit(s), 0 error(s), 1 left on base; Thunder Bay 5 - Hartford 4
BOTTOM OF THE 9TH
Hartford Whalers batting - Pitching for Thunder Bay Northern Lions BC : RHP Curt Clarke
Pitching: LHP Jake O'Tomalty
Now at 2B: Curtis Peters
Pinch Hitting: RHB Dave O'Day 0-0: Fly out, F7 (Flyball, 78M)
Batting: RHB Mike Brown 0-0: Called Strike
0-1: Swinging Strike
0-2: Ball
1-2: Strikes out swinging
Pinch Hitting: SHB Julian Anthony 0-0: Called Strike
0-1: Ball
1-1: Swinging Strike
1-2: Foul Ball, location: 2F
1-2: Ball
2-2: Strikes out swinging
Bottom of the 9th over - 0 run(s), 0 hit(s), 0 error(s), 0 left on base; Thunder Bay 5 - Hartford 4
This league is powered by Out of the Park Baseball, the baseball management simulation game for PC, Mac and Linux
Friday, October 23rd, 2015 - OOTP Baseball 16.9 Build 39